 Dungeon Crawl Stone Soup version 0.28-a0-477-g0b43c73ce0 (webtiles) character file.

Game seed: 17240066718543876949

6136 Zarri the Grappler (level 10, -26/94 HPs)
             Began as a Troll Fighter on Sept 17, 2021.
             Was an Initiate of Wu Jian.
             Killed from afar by a blizzard demon (37 damage)
             ... with a bolt of cold
             ... created by the fury of Makhleb
             ... on level 8 of the Dungeon.
             The game lasted 00:13:44 (6537 turns).

Zarri the Grappler (Troll Fighter)                  Turns: 6537, Time: 00:13:45

Health: -26/94     AC:  8    Str: 29    XL:     10   Next: 59%
Magic:  0/9        EV: 10    Int:  4    God:    Wu Jian [......]
Gold:   118        SH:  9    Dex:  9    Spells: 9/9 levels left

rFire   + . .      SeeInvis .     - Unarmed
rCold   x . .      Faith    .   b - +1 kite shield
rNeg    . . .      Spirit   +   d - +2 troll leather armour {Purgy}
rPois   .          Reflect  .   (helmet restricted)
rElec   .          Harm     .   (no cloak)
rCorr   .          Rampage  .   (gloves unavailable)
Will    .....                   (boots unavailable)
Stlth   +.........              m - amulet of guardian spirit
HPRegen 2.25/turn               f - ring of fire
MPRegen 0.11/turn               (no ring)

@: studying Hexes
A: large, unfitting armour, claws 3, regeneration 1, shaggy fur 1, tough skin 1
a: Renounce Religion


You were on level 8 of the Dungeon.
You worshipped Wu Jian.
Wu Jian was noncommittal.
You visited 1 branch of the dungeon, and saw 8 of its levels.

You collected 342 gold pieces.
You spent 224 gold pieces at shops.

Inventory:

Missiles
 j - 2 throwing nets (quivered)
Armour
 b - a +1 kite shield (worn)
 d - a +2 troll leather armour (worn) {Purgy}
Jewellery
 f - a ring of fire (left claw)
 m - an amulet of guardian spirit (around neck)
Wands
 p - a wand of iceblast (8)
Scrolls
 a - a scroll of acquirement {unknown}
 h - a scroll of noise
 i - 6 scrolls of teleportation
 k - 5 scrolls of magic mapping
 n - a scroll of identify
 o - 2 scrolls of fog
 q - 2 scrolls of amnesia
Potions
 c - 2 potions of might
 e - a potion of brilliance
 g - a potion of heal wounds
 l - a potion of ambrosia {unknown}
 r - 2 potions of berserk rage


   Skills:
 + Level 4.8 Fighting
 + Level 4.2 Armour
 + Level 6.1 Dodging
 + Level 1.1 Stealth
 + Level 6.2 Shields
 + Level 10.5 Unarmed Combat


You had 9 spell levels left.
You didn't know any spells.
Your spell library contained the following spells:

 Spells                   Type           Power      Damage    Failure   Level
 Airstrike                Air            0%         N/A       100%        4
 Summon Lightning Spire   Summ/Air       0%         N/A       100%        4
 Lightning Bolt           Conj/Air       0%         1d11      100%        5


Dungeon Overview and Level Annotations

Branches:
Dungeon (8/15)             Temple (0/1) D:4
   Lair: D:8-11

Altars:
Cheibriados
Hepliaklqana
Makhleb
Trog
Wu Jian
Zin

Shops:
D:7 =?[(


Innate Abilities, Weirdness & Mutations

You are too large for most types of armour.
You have claws for hands.
Your natural rate of healing is unusually fast.
You are covered in fur. (AC +1)
You have tough skin. (AC +1)


Message History

You mangle the cacodemon!!
The cacodemon is almost dead.
The cacodemon hits you. x2
You claw the cacodemon!
You kill the cacodemon!
That felt strangely unrewarding.
No target in view!
No target in view!
Makhleb sends a minion to punish you.
A blizzard demon comes into view.
You lunge at the blizzard demon.
You closely miss the blizzard demon. You closely miss the blizzard demon.
You claw the blizzard demon!
The blizzard demon is moderately wounded.
The blizzard demon waves its arms in wide circles.
The air twists around and strikes you!!
You closely miss the blizzard demon.
The blizzard demon is moderately wounded.
The blizzard demon hits you. x2
You closely miss the blizzard demon.
The blizzard demon is moderately wounded.
The blizzard demon hits you! You block the blizzard demon's attack.
You barely miss the blizzard demon.
The blizzard demon is moderately wounded.
The blizzard demon gestures at you. The bolt of lightning misses you.
You scratch the blizzard demon.
The blizzard demon is moderately wounded.
The blizzard demon gestures at you. The bolt of lightning hits you!!!
* * * LOW HITPOINT WARNING * * *
The blizzard demon waves its arms in wide circles.
The air twists around and strikes you!
* * * LOW HITPOINT WARNING * * *
The blizzard demon waves its arms in wide circles.
The air twists around and strikes you!
* * * LOW HITPOINT WARNING * * *
The blizzard demon gestures at you. The bolt of cold hits you!!!
You feel a terrible chill!
You die...

#..##.####.#. #.#
#..##........ #.#
#..#########. #.#
#..# #. #.# #..# #.
##.####..#########.
...................
##.####....#######.
#@####............
#.........#######.
#####2............
#.....#######.
..######.....#######.
.....................
#########............
#.##.######## ######


You could see a blizzard demon.

Vanquished Creatures
  A cacodemon (D:8)
  A two-headed ogre (D:6)
  Pikel (D:8)
  An ugly thing (D:8)
  A smoke demon (D:7)
  Psyche (D:8)
  6 yaks (D:6)
  3 vampire mosquitoes (D:7)
  Grum (D:8)
  Edmund (D:5)
  2 water moccasins
  Purgy (D:4)
  2 orc warriors
  An ice beast (D:6)
  3 ogres
  A sky beast (D:5)
  A black bear (D:5)
  A necrophage (D:4)
  3 wolves (D:8)
  A kobold brigand (D:7)
  A bullfrog (D:8)
  4 scorpions
  A gnoll sergeant (D:6)
  3 killer bees (D:8)
  3 electric eels (D:7)
  6 howler monkeys
  A hound (D:6)
  3 orc priests
  2 jellies
  A bullfrog skeleton (D:4)
  A gnoll shaman (D:4)
  2 centaur skeletons (D:7)
  An iguana (D:5)
  2 orc wizards (D:7)
  A killer bee zombie (D:7)
  8 gnolls
  A howler monkey skeleton (D:7)
  8 adders
  A white imp (D:8)
  An adder zombie (D:5)
  A worm (D:2)
  2 dart slugs (D:2)
  20 orcs
  3 bats
  3 endoplasms (D:2)
  A giant cockroach (D:2)
  3 goblins
  5 hobgoblins
  6 jackals
  4 kobolds
  A quokka (D:1)
  4 ball pythons
  4 rats
141 creatures vanquished.

Vanquished Creatures (others)
  A wizard (D:3)
  6 plants (D:7)
7 creatures vanquished.

Grand Total: 148 creatures vanquished

Notes
Turn   | Place    | Note
-------+----------+-------------------------------------------
     0 | D:1      | Zarri the Troll Fighter began the quest for the Orb.
     0 | D:1      | Reached XP level 1. HP: 22/22 MP: 0/0
   266 | D:1      | Reached XP level 2. HP: 29/29 MP: 1/1
   833 | D:2      | Reached XP level 3. HP: 33/36 MP: 2/2
  1329 | D:3      | Found a bloodstained altar of Trog.
  1330 | D:3      | Noticed a wizard
  1335 | D:3      | Killed a wizard
  1371 | D:3      | Found a faded altar of an unknown god.
  1444 | D:3      | Became a worshipper of Makhleb the Destroyer
  1444 | D:3      | Reached * piety under Makhleb
  1772 | D:3      | Reached XP level 4. HP: 44/44 MP: 3/3
  2271 | D:4      | Noticed Purgy
  2286 | D:4      | HP: 1/44 [orc priest/divine providence (13)]
  2363 | D:4      | Killed Purgy
  2364 | D:4      | Reached skill level 3 in Unarmed Combat
  2364 | D:4      | Reached XP level 5. HP: 31/52 MP: 4/4
  2453 | D:4      | Noticed an ogre
  2467 | D:4      | Killed an ogre
  2468 | D:4      | Reached XP level 6. HP: 46/61 MP: 5/5
  2561 | D:4      | Found a staircase to the Ecumenical Temple.
  2923 | D:4      | Reached skill level 4 in Unarmed Combat
  2963 | D:4      | Reached skill level 1 in Armour
  2971 | D:4      | Reached XP level 7. HP: 32/67 MP: 6/6
  3023 | D:4      | Reached ** piety under Makhleb
  3059 | D:5      | Entered Level 5 of the Dungeon
  3323 | D:5      | Reached skill level 5 in Unarmed Combat
  3411 | D:5      | Noticed Edmund
  3433 | D:5      | Killed Edmund
  3434 | D:5      | Reached XP level 8. HP: 31/78 MP: 2/7
  3761 | D:6      | Reached skill level 6 in Unarmed Combat
  4122 | D:6      | Noticed a two-headed ogre
  4132 | D:6      | Killed a two-headed ogre
  4133 | D:6      | Reached skill level 5 in Dodging
  4133 | D:6      | Reached skill level 5 in Shields
  4133 | D:6      | Reached skill level 7 in Unarmed Combat
  4133 | D:6      | Reached XP level 9. HP: 31/84 MP: 2/8
  4276 | D:6      | Reached skill level 8 in Unarmed Combat
  4496 | D:6      | Found a glowing silver altar of Zin.
  4676 | D:7      | Found Fotuu's Jewellery Shop.
  4688 | D:7      | Reached skill level 9 in Unarmed Combat
  4811 | D:7      | Reached XP level 10. HP: 75/94 MP: 4/9
  4854 | D:7      | Found Qapsiruo's Magic Scroll Boutique.
  4867 | D:7      | Bought a scroll of enchant armour for 112 gold pieces
  4867 | D:7      | Bought a scroll of enchant armour for 112 gold pieces
  4899 | D:7      | Found a hazy altar of Hepliaklqana.
  5000 | D:7      | Found an ornate altar of the Wu Jian Council.
  5030 | D:7      | Fell from the grace of Makhleb
  5030 | D:7      | Became a worshipper of the Wu Jian Council
  5373 | D:7      | Found Wyodghole's Antique Weapon Emporium.
  5403 | D:7      | Noticed a smoke demon
  5407 | D:7      | Killed a smoke demon
  5469 | D:7      | Found Roir's Antique Armour Shoppe.
  5762 | D:7      | Found a snail-covered altar of Cheibriados.
  5956 | D:8      | Noticed Grum
  5967 | D:8      | Reached skill level 1 in Stealth
  5969 | D:8      | Killed Grum
  6014 | D:8      | Noticed Pikel
  6017 | D:8      | Killed Pikel
  6022 | D:8      | Reached skill level 10 in Unarmed Combat
  6033 | D:8      | Noticed a white ugly thing
  6109 | D:8      | Killed a white ugly thing
  6315 | D:8      | Noticed Psyche
  6320 | D:8      | Killed Psyche
  6491 | D:8      | Noticed a cacodemon
  6499 | D:8      | Killed a cacodemon
  6525 | D:8      | Noticed a blizzard demon
  6537 | D:8      | Killed from afar by a blizzard demon

Illustrated notes

Levels and vault maps discovered:
D:1:      shiori_arrival_maze, layout_loops_ring, columned_hall_lemuel,
          minmay_tree_intersection
D:2:      cheibrodos_helix_gallery, layout_rooms, amcnicky_mini_corridor_feature
D:3:      layout_basic, trog_wizard, ebering_ecumenical_altar_abandoned,
          kennysheep_nondescript
D:4:      layout_basic, minmay_temple_entry_nine_rooms, minmay_manual_mail,
          uniq_purgy
D:5:      layout_basic, uniq_edmund
D:6:      layout_basic, zin_treasury
D:7:      wad_lake_hut, layout_basic, lemuel_coloured_pillars_altar,
          mainiacjoe_overflow_tiny_flanked, lemuel_tele_altar, serial_shops,
          nicolae_diamond_shop, nicolae_diamond_shop, kennysheep_little_box,
          shop
D:8:      layout_basic, minmay_misc_feat_square, uniq_grum, uniq_pikel,
          uniq_psyche

Skill      XL: |  1  2  3  4  5  6  7  8  9 10 |
---------------+-------------------------------+-----
Dodging        | 3 4 5 6 |  6.1
Shields        | 3 4 5 6 |  6.2
Unarmed Combat | 3 4 5 7 9 10 | 10.5
Fighting       | 3 4 |  4.8
Armour         | 1 2 3 4 |  4.2
Stealth        | 1 |  1.1

Action                   |  1- 3 |  4- 6 |  7- 9 | 10-12 || total
-------------------------+-------+-------+-------+-------++-------
Melee: Unarmed           |    76 |   100 |   236 |   135 ||   547
Invok: Lunge             |       |       |       |    11 ||    11
  Use: Scroll            |     3 |     3 |     5 |     2 ||    13
       Potion            |     2 |     3 |     5 |     3 ||    13
Armor: Robe              |    22 |    29 |       |       ||    51
       Troll leather arm |       |    16 |    34 |    33 ||    83
Dodge: Dodged            |    23 |    63 |    80 |    41 ||   207
Block: Kite shield       |    32 |    61 |    96 |    49 ||   238

Table legend: (Time is in decaauts)
 A = Elapsed time spent in this place.
 B = Non-inter-level travel time spent in this place.
 C = Inter-level travel time spent in this place.
 D = Time resting spent in this place.
 E = Time spent auto-exploring this place.
 F = Levels seen in this place.
 G = Mean time per level.
                   A        B        C        D        E       F      G
               +--------+--------+--------+--------+--------+-----+--------+
         Total |   6552 |   6066 |    486 |      0 |   4747 |   8 |  819.0 |
       Dungeon |   6552 |   6066 |    486 |      0 |   4747 |   8 |  819.0 |
               +--------+--------+--------+--------+--------+-----+--------+

Top non-repeatable levels by time:
     D:7: 1378 daAuts
     D:3: 983 daAuts
     D:4: 874 daAuts
     D:6: 866 daAuts
     D:1: 820 daAuts
     D:5: 666 daAuts
     D:8: 566 daAuts
     D:2: 396 daAuts
